 Dungeon Crawl Stone Soup version 0.26-a0-683-g5206c1d7ac (webtiles) character file.

Game seed: 6311784225036297831

11994 robertstho the Protected (level 11, -6/103 HPs)
             Began as a Deep Dwarf Fighter on Oct 22, 2020.
             Was a Priest of Makhleb.
             Mangled by a death knight
             ... wielding a cursed +0 glaive
              (24 damage)
             ... on level 10 of the Dungeon.
             The game lasted 00:16:59 (6035 turns).

robertstho the Protected (Deep Dwarf Fighter)       Turns: 6035, Time: 00:17:00

Health: -6/103     AC: 11    Str: 24    XL:     11   Next: 56%
Magic:  17/17 (8)  EV: 15    Int: 10    God:    Makhleb [***...]
Gold:   516        SH:  0    Dex: 18    Spells: 10/10 levels left

rFire    . . .     SeeInvis .   u - +8 glaive "Awal" {vorpal, rC++ Int+2 Stlth-}
rCold    + + .     Faith    .   (shield currently unavailable)
rNeg     . . .     Spirit   .   b - +0 scale mail
rPois    .         Reflect  .   (no helmet)
rElec    .         Harm     .   (no cloak)
rCorr    .         Rampage  .   (no gloves)
MR       +....                  j - +1 pair of boots
Stlth    ..........             (no amulet)
HPRegen  0.00/turn              r - +6 ring of dexterity
MPRegen  0.15/turn              p - ring of magical power

@: non-regenerating
A: damage resistance, heal wounds, sense surroundings 2, no regeneration
a: Heal Wounds, Minor Destruction, Lesser Servant of Makhleb, Renounce Religion


You were on level 10 of the Dungeon.
You worshipped Makhleb.
Makhleb was most pleased with you.
You visited 2 branches of the dungeon, and saw 11 of its levels.
You also visited: Ossuary.

You collected 746 gold pieces.
You spent 230 gold pieces at shops.

Inventory:

Hand Weapons
 a - a +0 war axe
 d - a +0 war axe
 u - the +8 glaive "Awal" (weapon) {vorpal, rC++ Int+2 Stlth-}
   (You bought it in a shop on level 5 of the Dungeon)

   It inflicts extra damage upon your enemies.
   It affects your intelligence (+2).
   It greatly protects you from cold.
   It makes you less stealthy.
 O - a +6 glaive of flaming
Armour
 b - a +0 scale mail (worn)
 c - a +0 kite shield
 j - a +1 pair of boots (worn)
Jewellery
 e - an uncursed ring of positive energy
 p - a ring of magical power (right hand)
 r - a +6 ring of dexterity (left hand)
 t - an uncursed ring of see invisible {unknown}
 z - an uncursed ring of resist corrosion
 A - an uncursed ring of protection from cold {unknown}
 K - an uncursed ring of fire
 L - an uncursed ring of stealth {unknown}
 N - an uncursed ring of fire
Wands
 v - a wand of iceblast (6)
 x - a wand of polymorph (4)
 D - a wand of paralysis (8)
Scrolls
 i - 3 scrolls of random uselessness {unknown}
 l - 4 scrolls of amnesia {unknown}
 m - 9 scrolls of teleportation
 n - 2 scrolls of magic mapping {unknown}
 q - 5 scrolls of remove curse
 y - a scroll of blinking {unknown}
 B - 3 scrolls of fog {unknown}
 E - 2 scrolls of enchant armour {unknown}
 H - a scroll of enchant weapon {unknown}
 I - 2 scrolls of immolation {unknown}
Potions
 f - 3 potions of magic
 g - 2 potions of cancellation
 k - 3 potions of mutation
 o - 4 potions of curing
 s - a potion of ambrosia {unknown}
 w - 2 potions of stabbing {unknown}
 C - 2 potions of brilliance
 F - a potion of resistance
 G - 4 potions of lignification
 J - a potion of haste


   Skills:
 * Level 8.1 Fighting
 + Level 5.8(9.3) Axes
 + Level 9.4(10.0) Polearms
 * Level 9.5 Armour
 * Level 7.1 Dodging
 + Level 1.7 Stealth
 + Level 4.7 Shields
 * Level 6.4 Invocations


You had 10 spell levels left.
You didn't know any spells.
Your spell library contained the following spells:

 Spells                   Type           Power        Failure   Level
 Animate Skeleton         Necr           #.....       63%         1
 Corona                   Hex            #......      63%         1
 Magic Dart               Conj           #...         63%         1
 Pain                     Necr           #...         63%         1
 Shock                    Conj/Air       #...         63%         1
 Sting                    Tmut/Pois      #...         63%         1
 Blink                    Tloc           N/A          77%         2
 Call Imp                 Summ           #.......     77%         2
 Ensorcelled Hibernation  Hex/Ice        #.....       77%         2
 Poisonous Vapours        Pois/Air       #.....       77%         2
 Slow                     Hex            #.......     77%         2
 Swiftness                Air            #.......     77%         2
 Confusing Touch          Hex            #.......     94%         3
 Conjure Flame            Conj/Fire      #.......     94%         3
 Dazzling Flash           Conj/Hex       #.....       94%         3
 Ignite Poison            Fire/Tmut/Pois #.......     94%         3
 Mephitic Cloud           Conj/Pois/Air  #.......     94%         3
 Static Discharge         Conj/Air       #.......     94%         3
 Tukima's Dance           Hex            #.......     94%         3
 Vampiric Draining        Necr           #.........   94%         3
 Airstrike                Air            #.........   100%        4
 Animate Dead             Necr           #.........   100%        4
 Olgreb's Toxic Radiance  Pois           #.......     100%        4
 Agony                    Necr           #.......     100%        5
 Lightning Bolt           Conj/Air       #.........   100%        5


Dungeon Overview and Level Annotations

Branches:
Dungeon (10/15)            Temple (1/1) D:6            Lair (0/6) D:10
Ossuary (visited)
    Orc: D:9-12

Altars:
Ashenzari
Cheibriados
Dithmenos
Elyvilon
Fedhas
Gozag
Hepliaklqana
Kikubaaqudgha
Makhleb
Nemelex Xobeh
Okawaru
Qazlal
Ru
Sif Muna
Trog
Uskayaw
Vehumet
Wu Jian
Xom
Yredelemnul
Zin
The Shining One

Shops:
D:5 (([


Innate Abilities, Weirdness & Mutations

You are resistant to damage.
You can heal yourself by infusing magical energy.
You passively map the area around you.
You do not regenerate.


Message History

The orc warrior is lightly wounded.
The death knight reflects your damage back at you!
The death knight mumbles some strange prayers to Yredelemnul against you.
Your body is wracked with pain!
Evoke which item? (* to show all) (? for menu, Esc to quit)
Aiming: Iceblast
Press: ? - help, Shift-Dir - straight line, f/p - death knight
Aim: a death knight, wielding a +0 glaive and wearing a +0 chain mail (lightly wounded, reflecting injuries)
The mass of ice explodes!
The iceblast engulfs the death knight!
The death knight is moderately wounded.
The iceblast engulfs the orc warrior.
The orc warrior is moderately wounded.
The death knight reflects your damage back at you!
* * * LOW HITPOINT WARNING * * *
The death knight hits you from afar with a cursed +0 glaive!
* * * LOW HITPOINT WARNING * * *
You fail to use your ability.
The death knight's dark mirror aura disappears.
The death knight hits you from afar with a cursed +0 glaive!!
You die...

.......###.##. * ** *
...........* *.### * *
.......#### ...[ ,,, , ,
........# #..# * * , * ,
#######># #..# * , * *
....., .##### ..# * * .....
....... #.### * ..... ,,
......#...#.# , , .....
.......@..#.#, * ##### *
......##..#.# , , . , ,
........#p#.##.## ,
################.#o....... *
...#.#.#.#..##(#.#..###.##**
** .###.#.#.#.#÷.##.#p..#*,*
, ......#...#.÷.#..#.#.# *
.###.#.#.#.#.#.#.#.#..#
..[#.#.#.#..#..#...##.#


You could see a death knight and an orc warrior.

Vanquished Creatures
  2 centaur warriors
  2 two-headed ogres
  2 ogre magi (D:10)
  A manticore (D:8)
  A troll (D:7)
  A troll (shapeshifter) (D:10)
  A hornet (D:10)
  5 slime creatures
  Sigmund (D:4)
  Eustachio (D:6)
  2 wyverns
  2 yaks (D:10)
  A steam dragon (D:9)
  Menkaure (D:5)
  An acid dragon (D:10)
  A water moccasin (D:8)
  2 orc warriors
  3 ice beasts
  A sky beast (D:10)
  2 black bears
  A necrophage (D:9)
  6 ogres
  A centaur (D:10)
  2 big kobolds
  9 bullfrogs
  A water moccasin zombie (D:6)
  12 scorpions
  3 wights (D:5)
  10 killer bees
  2 howler monkeys
  A bullfrog zombie (D:5)
  A hound (D:5)
  2 centaur zombies (Ossuary)
  5 jellies
  6 orc wizards
  A human zombie (Ossuary)
  5 orc priests
  A bullfrog skeleton (D:10)
  3 iguanas
  4 worker ants
  2 big kobold zombies (Ossuary)
  A hound zombie (D:10)
  A hound skeleton (D:10)
  A worker ant zombie (D:10)
  3 mummies (Ossuary)
  6 gnolls (D:6)
  5 scorpion zombies (Ossuary)
  14 adders
  2 shadow imps
  3 white imps
  3 ufetubi
  An ooze (D:3)
  3 worms
  3 dart slugs (D:1)
  A leopard gecko (D:2)
  19 orcs
  4 ball pythons
  8 giant cockroaches
  A gnoll zombie (Ossuary)
  7 goblins
  10 hobgoblins
  10 jackals
  5 quokkas
  8 bats
  8 frilled lizards
  3 goblin zombies (Ossuary)
  2 hobgoblin zombies (Ossuary)
  2 jackal zombies (D:6)
  21 kobolds
  3 kobold zombies (Ossuary)
  A leopard gecko skeleton (D:4)
  3 orc zombies (Ossuary)
  A quokka zombie (D:6)
  14 rats
288 creatures vanquished.

Notes
Turn   | Place    | Note
-------+----------+-------------------------------------------
     0 | D:1      | robertstho the Deep Dwarf Fighter began the quest for the
                  | Orb.
     0 | D:1      | Reached XP level 1. HP: 20/20 MP: 1/1
    57 | D:1      | Reached XP level 2. HP: 27/27 MP: 2/2
   270 | D:1      | Reached XP level 3. HP: 25/34 MP: 3/3
   502 | D:2      | Reached skill level 1 in Dodging
   549 | D:2      | Reached XP level 4. HP: 20/42 MP: 4/4
  1235 | D:3      | Reached XP level 5. HP: 42/49 MP: 4/4
  1781 | D:4      | Noticed Sigmund
  1804 | D:4      | Killed Sigmund
  1804 | D:4      | Reached XP level 6. HP: 30/57 MP: 5/5
  1865 | D:4      | You fall into a shaft and drop 1 floor!
  1865 | D:5      | Entered Level 5 of the Dungeon
  1889 | D:5      | Reached skill level 5 in Armour
  1899 | D:5      | Reached XP level 7. HP: 39/63 MP: 6/6
  1946 | D:5      | Reached skill level 5 in Axes
  1974 | D:5      | Found Feploost's Antique Weapon Shop.
  1982 | D:5      | Bought a sapphire glaive for 230 gold pieces
  1987 | D:5      | Identified the +8 glaive "Awal" {vorpal, rC++ Int+2 Stlth-}
                  | (You bought it in a shop on level 5 of the Dungeon)
  2003 | D:5      | Found an ornate altar of the Wu Jian Council.
  2009 | D:5      | Noticed Menkaure
  2016 | D:5      | Killed Menkaure
  2059 | D:5      | Found Kuxta's Antique Weapon Boutique.
  2132 | D:5      | Found Oxocetez's Antique Armour Shoppe.
  2235 | D:5      | Reached skill level 1 in Polearms
  2235 | D:5      | Reached XP level 8. HP: 49/73 MP: 7/7
  2387 | D:6      | Found a sand-covered staircase.
  2402 | Ossuary  | Entered an ossuary
  2630 | Ossuary  | Reached skill level 5 in Fighting
  2904 | D:6      | Gained mutation: You passively map the area around you.
                  | [Deep Dwarf growth]
  2904 | D:6      | Reached XP level 9. HP: 43/81 MP: 8/8
  2960 | D:6      | Found a staircase to the Ecumenical Temple.
  2970 | Temple   | Entered the Ecumenical Temple
  3101 | Temple   | Became a worshipper of Makhleb the Destroyer
  3227 | D:6      | Noticed Eustachio
  3229 | D:6      | Killed Eustachio
  3443 | D:6      | Reached skill level 5 in Polearms
  3531 | D:7      | Reached skill level 5 in Dodging
  3734 | D:7      | Reached * piety under Makhleb
  3765 | D:7      | Noticed a troll
  3770 | D:7      | Killed a troll
  4069 | D:8      | Noticed a two-headed ogre
  4112 | D:8      | Killed a two-headed ogre
  4112 | D:8      | Reached XP level 10. HP: 82/91 MP: 10/10
  4249 | D:8      | Noticed a manticore
  4256 | D:8      | Killed a manticore
  4276 | D:8      | Reached ** piety under Makhleb
  4725 | D:9      | Noticed a two-headed ogre
  4731 | D:9      | Killed a two-headed ogre
  4933 | D:9      | Reached skill level 5 in Invocations
  5038 | D:9      | Found a runed translucent door.
  5147 | D:9      | HP: 4/94 [large slime creature (37)]
  5149 | D:9      | Reached skill level 1 in Stealth
  5152 | D:9      | Reached XP level 11. HP: 46/100 MP: 9/9
  5347 | D:9      | Noticed a centaur warrior
  5364 | D:9      | Killed a centaur warrior
  5420 | D:10     | Entered Level 10 of the Dungeon
  5538 | D:10     | Found a staircase to the Lair.
  5736 | D:10     | Paralysed by a hornet for 3 turns
  5743 | D:10     | Reached *** piety under Makhleb
  5885 | D:10     | Noticed an ogre mage
  5888 | D:10     | Noticed a centaur warrior
  5891 | D:10     | Killed an ogre mage
  5904 | D:10     | Killed a centaur warrior
  5925 | D:10     | Noticed an ogre mage
  5930 | D:10     | Killed an ogre mage
  5931 | D:10     | Noticed a death knight
  5931 | D:10     | Noticed a fire dragon
  6035 | D:10     | Mangled by a death knight

Illustrated notes

Levels and vault maps discovered:
D:1:      dpeg_arrival_ratfight, layout_basic, minmay_pentomino_v4
D:2:      layout_basic
D:3:      layout_loops_ring
D:4:      layout_cave_pools, uniq_sigmund
D:5:      layout_cave_pools, lemuel_crystal_altar, serial_shops, shop, shop,
          nicolae_shop_statue_plus, grunt_decor_mini_mirrors, st_stairs_4,
          uniq_menkaure
D:6:      layout_basic, minmay_temple_entry_purple_smoke, enter_ossuary_3,
          uniq_eustachio
D:7:      minmay_chambers_of_sixes, layout_rooms
D:8:      layout_rooms
D:9:      layout_irregular_city, wad_hexagon
D:10:     minmay_the_grid_square_5x5_4x4 [minmay_the_grid_square_5x5_corner,
          minmay_the_grid_square_5x5_comb, minmay_the_grid_square_5x5_tie,
          minmay_the_grid_square_5x5_tri_point,
          minmay_the_grid_square_5x5_checkered,
          minmay_the_grid_square_5x5_prize_snowflake,
          minmay_the_grid_square_5x5_prize_deathbox,
          minmay_the_grid_square_5x5_seven, minmay_the_grid_square_5x5_forky,
          minmay_the_grid_square_5x5_prize_open,
          minmay_the_grid_square_5x5_prize_monsterx,
          minmay_the_grid_square_5x5_inverted_slash,
          minmay_the_grid_square_5x5_pentomino_r,
          minmay_the_grid_square_5x5_longway,
          minmay_the_grid_square_5x5_half_checkered,
          minmay_the_grid_square_5x5_two], layout_basic, lair_entry_dummy,
          minivault_26
Temple:   kilobyte_greek_temple

Skill      XL: |  1  2  3  4  5  6  7  8  9 10 11 |
---------------+----------------------------------+-----
Fighting       | 3 4 5 6 7 8 |  8.1
Dodging        | 1 2 3 4 5 6 7 |  7.1
Axes           | 3 4 5 |  5.8
Armour         | 4 5 6 7 8 9 |  9.5
Shields        | 4 |  4.7
Polearms       | 1 4 6 8 9 |  9.4
Invocations    | 3 5 6 |  6.4
Stealth        | 1 |  1.7

Action                   |  1- 3 |  4- 6 |  7- 9 | 10-12 || total
-------------------------+-------+-------+-------+-------++-------
Melee: War axe           |    98 |   167 |    16 |       ||   281
       Glaive            |       |       |   247 |   204 ||   451
 Abil: Heal Wounds       |       |     3 |    10 |    17 ||    30
Evoke: Wand              |       |       |       |     4 ||     4
  Use: Scroll            |       |     4 |     9 |     2 ||    15
       Potion            |       |       |     2 |     3 ||     5
 Stab: Invisible         |       |       |       |     2 ||     2
       Paralysed         |       |       |       |     3 ||     3
       Distracted        |       |       |       |     1 ||     1
Armor: Scale mail        |    48 |    72 |   147 |    57 ||   324
Dodge: Dodged            |    50 |    55 |   212 |   158 ||   475
Block: Kite shield       |    64 |    92 |     6 |       ||   162

Table legend: (Time is in decaauts)
 A = Elapsed time spent in this place.
 B = Non-inter-level travel time spent in this place.
 C = Inter-level travel time spent in this place.
 D = Time resting spent in this place.
 E = Time spent auto-exploring this place.
 F = Levels seen in this place.
 G = Mean time per level.
                   A        B        C        D        E       F      G
               +--------+--------+--------+--------+--------+-----+--------+
         Total |   6315 |   6100 |    215 |      0 |   4004 |  12 |  526.2 |
       Dungeon |   5808 |   5626 |    182 |      0 |   3807 |  10 |  580.8 |
        Temple |    163 |    131 |     32 |      0 |    118 |   1 |  163.0 |
       Ossuary |    344 |    344 |      0 |      0 |     79 |   1 |  344.0 |
               +--------+--------+--------+--------+--------+-----+--------+

Top non-repeatable levels by time:
     D:9: 823 daAuts
     D:6: 696 daAuts
     D:3: 686 daAuts
    D:10: 632 daAuts
     D:2: 586 daAuts
     D:8: 576 daAuts
     D:7: 573 daAuts
     D:5: 541 daAuts
     D:1: 474 daAuts
 Ossuary: 344 daAuts
     D:4: 219 daAuts
  Temple: 163 daAuts
